 Dungeon Crawl Stone Soup version 0.32-a0-996-gb3226c233f (webtiles) character file.

Game seed: 761061205316648395

47 Ijustatesigmund the Shield-Bearer (level 3, 0/33 HPs)
             Began as a Mountain Dwarf Fighter on Apr 23, 2024.
             Killed from afar by Natasha (4 damage)
             ... with a magic dart
             ... on level 2 of the Dungeon.
             The game lasted 00:01:10 (831 turns).

Ijustatesigmund the Shield-Bearer (MDFi)             Turns: 831, Time: 00:01:12

Health: 0/33       AC:  7    Str: 18    XL:     3   Next: 48%
Magic:  3/3        EV:  8    Int: 10    God:
Gold:   85         SH:  4    Dex:  9    Spells: 2/2 levels left

rFire   . . .        a - +0 war axe
rCold   . . .        c - +0 buckler
rNeg    . . .        b - +0 scale mail
rPois   .            (no helmet)
rElec   .            (no cloak)
rCorr   .            (no gloves)
SInv    .            (no boots)
Will    .....        (no amulet) Stlth
                     (no ring)
HPRegen 0.25/turn    (no ring)
MPRegen 0.08/turn

%: no passive effects
@: no status effects
A: runic magic, artefact enchanting
a: no special abilities


You were on level 2 of the Dungeon.
You visited 1 branch of the dungeon, and saw 2 of its levels.

You collected 85 gold pieces.

Inventory:

Hand Weapons
 a - a +0 war axe (weapon)
Armour
 b - a +0 scale mail (worn)
 c - a +0 buckler (worn)
Scrolls
 e - a scroll of vulnerability {unknown}
 f - a scroll of fear {unknown}
 g - 4 scrolls of amnesia {unknown}
 h - 2 scrolls of identify {unknown}
 j - a scroll of teleportation {unknown}
 k - a scroll of revelation {unknown}
Potions
 d - 2 potions of might


   Skills:
 + Level 3.7 Fighting
 + Level 3.2 Axes
 + Level 3.8 Armour
 + Level 3.8 Shields


You had 2 spell levels left.
You didn't know any spells.
Your spell library was empty.

Dungeon Overview and Level Annotations

Branches:
Dungeon (2/15)

Altars:

Annotations:
D:2 Natasha


Innate Abilities, Weirdness & Mutations

Your spellcasting is much less encumbered by armour.
You can use scrolls of enchantment on lesser artefacts.


Message History

The dart slug launches a dart at you. The slug dart misses you.
You completely miss Natasha. You barely miss the cerulean imp.
You barely miss the hobgoblin. The hobgoblin hits you.
Natasha claws you but does no damage. You block the cerulean imp's attack.
The hobgoblin closely misses you.
You slash Natasha!
Natasha is heavily wounded.
You slash the hobgoblin!
You kill the hobgoblin!
You slash the cerulean imp! Natasha claws you but does no damage.
You block the cerulean imp's attack.
Natasha casts a spell.
The cerulean imp closely misses you.
You miss Natasha.
Natasha is heavily wounded.
You hit the cerulean imp. You barely miss the cerulean imp. Natasha claws you.
The cerulean imp hits you but does no damage.
You block the cerulean imp's attack. The dart slug launches a dart at you.
The slug dart hits you but does no damage.
You barely miss Natasha.
Natasha is heavily wounded.
You slash the cerulean imp!
You kill the cerulean imp!
The cerulean imp disappears in a puff of smoke!
You barely miss the cerulean imp. Natasha claws you.
You block the cerulean imp's attack. Natasha claws you.
* * * LOW HITPOINT WARNING * * *
It was a potion of cancellation.
You feel magically purged. The cerulean imp barely misses you.
Natasha claws you.
* * * LOW HITPOINT WARNING * * *
You hit Natasha.
Natasha is severely wounded.
You hit the cerulean imp.
The cerulean imp hits you but does no damage.
Natasha casts a spell at you. The magic dart hits you.
You die...
Natasha begins licking her fur clean.

#### # ####### ##...
..#.....## ##....
.........## #.....
..?^..h...# #)....
......5@..# #.....
..........# ####.....
....w.....######........
.......$.>.......##.....
..........##########....
.........## ##...
..#.....## ####
#########


You could see Natasha, a cerulean imp (summoned) and a dart slug.

Vanquished Creatures
  A dart slug (D:1)
  2 ball pythons (D:1)
  6 endoplasms (D:1)
  3 giant cockroaches (D:1)
  3 goblins (D:1)
  4 hobgoblins
  6 jackals (D:1)
  A kobold (D:1)
  2 quokkas
  4 bats
  A frilled lizard (D:1)
  3 rats (D:1)
36 creatures vanquished.

Notes
Turn   | Place    | Note
-------+----------+-------------------------------------------
     0 | D:1      | Ijustatesigmund the Mountain Dwarf Fighter began the quest
                  | for the Orb.
     0 | D:1      | Reached XP level 1. HP: 19/19 MP: 1/1
   113 | D:1      | Reached XP level 2. HP: 26/26 MP: 2/2
   288 | D:1      | Reached XP level 3. HP: 22/31 MP: 3/3
   818 | D:2      | Noticed Natasha
   831 | D:2      | Killed from afar by Natasha

Illustrated notes

Levels and vault maps discovered:
D:1:      amcnicky_arrival_gap_in_the_tavern_cellar, layout_basic,
          minmay_pentomino_p2
D:2:      layout_rooms, uniq_terence, uniq_jessica, uniq_natasha

Skill      XL: |  1  2 |
---------------+-------+-----
Axes           | 3 |  3.2
Fighting       | |  3.7
Armour         | |  3.8
Shields        | |  3.8

Action                     || total
---------------------------++-------
  Melee: War axe           ||   105
    Use: Potion            ||     1
 Armour: Scale mail        ||    84
  Dodge: Dodged            ||    65
  Block: Buckler           ||    42

Table legend: (Time is in decaauts)
 A = Elapsed time spent in this place.
 B = Non-inter-level travel time spent in this place.
 C = Inter-level travel time spent in this place.
 D = Time resting spent in this place.
 E = Time spent auto-exploring this place.
 F = Levels seen in this place.
 G = Mean time per level.
                   A        B        C        D        E       F      G
               +--------+--------+--------+--------+--------+-----+--------+
         Total |    872 |    866 |      6 |      0 |    628 |   2 |  436.0 |
       Dungeon |    872 |    866 |      6 |      0 |    628 |   2 |  436.0 |
               +--------+--------+--------+--------+--------+-----+--------+

Top non-repeatable levels by time:
     D:1: 826 daAuts
     D:2: 46 daAuts
